[Event "ICC tourney 2355 (60 10)"]
[Site "Internet Chess Club"]
[Date "2021.01.31"]
[Round "5"]
[White "AriWinsU"]
[Black "TajMateo"]
[Result "1-0"]
[ICCResult "Black checkmated"]
[WhiteElo "868"]
[BlackElo "1161"]
[Opening "Queen's pawn"]
[ECO "A40"]
[NIC "QO.17"]
[Time "13:00:29"]
[PlyCount "101"]
[TimeControl "3600+10"]

1. d4 e6 2. Bf4 c5 3. c3 Nc6 4. Nf3 d5 5. e3 Nf6 6. Bd3 c4 7. Bc2 Bd6 8.
Ne5 Ne4 9. Nd2 Nxd2 10. Qxd2 Nxe5 11. dxe5 Be7 12. O-O O-O 13. Qe2 g6 14.
Bh6 Bg5 15. Bxf8 Qxf8 16. Qg4 h6 17. f4 Be7 18. f5 exf5 19. Bxf5 h5 20. Qg3
Kh7 21. Bxg6+ Kh6 22. Rxf7 Qg8 23. Rh7+ Qxh7 24. Bxh7 Kxh7 25. Rf1 Be6 26.
Qf3 Rf8 27. Qxh5+ Kg7 28. Rxf8 Kxf8 29. Qh6+ Kf7 30. h4 Bf5 31. Qf4 Kg6 32.
h5+ Kxh5 33. Qxf5+ Bg5 34. e6 Kh6 35. Qf8+ Kg6 36. e7 Bxe7 37. Qxe7 b5 38.
Qf8 b4 39. cxb4 c3 40. bxc3 a5 41. bxa5 d4 42. cxd4 Kh7 43. Kf2 Kg6 44. Kf3
Kh7 45. Kf4 Kg6 46. Qf5+ Kg7 47. Qe6 Kh8 48. Qd7 Kg8 49. Kg5 Kf8 50. Kg6
Kg8 51. Qg7# { Black checkmated } 1-0

[Event "ICC tourney 2355 (60 10)"]
[Site "Internet Chess Club"]
[Date "2021.01.31"]
[Round "5"]
[White "ChampChamp21"]
[Black "zman-g"]
[Result "1/2-1/2"]
[ICCResult "Game drawn by mutual agreement"]
[WhiteElo "1078"]
[BlackElo "771"]
[Opening "Giuoco Piano: Greco's attack"]
[ECO "C54"]
[NIC "IG.02"]
[Time "13:00:36"]
[PlyCount "65"]
[TimeControl "3600+10"]

1. e4 e5 2. Nf3 Nc6 3. Bc4 Bc5 4. c3 Nf6 5. d4 exd4 6. cxd4 Bb4+ 7. Nc3 O-O
8. O-O Bxc3 9. bxc3 Nxe4 10. Qb3 d6 11. Qc2 d5 12. Bd3 Re8 13. Nd2 Bf5 14.
f3 Nxd2 15. Bxd2 Bxd3 16. Qxd3 Qd7 17. f4 Re7 18. f5 Rae8 19. f6 Re2 20.
Bh6 Qg4 21. Qf3 Qxf3 22. Rxf3 gxh6 23. Rg3+ Kf8 24. Rg7 R8e6 25. Rxh7 Rxf6
26. Rh8+ Kg7 27. Rc8 Rff2 28. Rxc7 Rxg2+ 29. Kh1 Rxh2+ 30. Kg1 Reg2+ 31.
Kf1 Rf2+ 32. Kg1 Rhg2+ 33. Kh1 { Game drawn by mutual agreement } 1/2-1/2

[Event "ICC tourney 2355 (60 10)"]
[Site "Internet Chess Club"]
[Date "2021.01.31"]
[Round "5"]
[White "DavidNest"]
[Black "kevinxps10"]
[Result "1-0"]
[ICCResult "Black checkmated"]
[WhiteElo "1229"]
[BlackElo "995"]
[Opening "KGA: Schallop defense"]
[ECO "C34"]
[NIC "KG.02"]
[Time "13:00:24"]
[PlyCount "95"]
[TimeControl "3600+10"]

1. e4 e5 2. f4 exf4 3. Nf3 Nf6 4. Nc3 Nc6 5. d4 d5 6. e5 Qe7 7. Bxf4 Bg4 8.
Be2 Nd7 9. Nxd5 Qd8 10. e6 Bd6 11. Bxd6 cxd6 12. exf7+ Kxf7 13. O-O Rf8 14.
Ng5+ Kg8 15. Bxg4 Rxf1+ 16. Qxf1 Qxg5 17. Bxd7 Qxd5 18. c3 Rf8 19. Qe2 Qf7
20. Be6 Qxe6 21. Qxe6+ Kh8 22. Qxd6 Re8 23. Rf1 Rg8 24. Rf8 h6 25. Kf2 Na5
26. Rxg8+ Kxg8 27. Qd8+ Kh7 28. Qxa5 g6 29. Qxa7 Kh8 30. Qxb7 g5 31. Qg7+
Kxg7 32. a4 Kf7 33. Kf3 Ke7 34. Kg4 Kd6 35. Kh5 Kc6 36. Kxh6 Kb6 37. Kxg5
Ka5 38. d5 Kb6 39. h4 Kc5 40. a5 Kb5 41. d6 Kc6 42. a6 Kd5 43. d7 Ke6 44.
d8=Q Kf7 45. h5 Ke6 46. a7 Kf7 47. a8=Q Ke6 48. Qad5# { Black checkmated }
1-0

[Event "ICC tourney 2355 (60 10)"]
[Site "Internet Chess Club"]
[Date "2021.01.31"]
[Round "5"]
[White "avs12"]
[Black "mrforkydude"]
[Result "0-1"]
[ICCResult "White checkmated"]
[WhiteElo "839"]
[BlackElo "1224"]
[Opening "Giuoco Pianissimo"]
[ECO "C55"]
[NIC "IG.01"]
[Time "13:00:46"]
[PlyCount "114"]
[TimeControl "3600+10"]

1. e4 e5 2. Nf3 Nc6 3. Bc4 Nf6 4. d3 Bc5 5. O-O O-O 6. Nc3 d6 7. a3 Bg4 8.
h3 Bh5 9. Bg5 Nd4 10. g4 Bg6 11. Nd5 c6 12. Nxf6+ gxf6 13. Bh6 Re8 14. c3
Ne6 15. Nh4 d5 16. exd5 cxd5 17. Bb5 Re7 18. Qf3 Rc7 19. Nf5 Bb6 20. Rad1
Bc5 21. a4 a6 22. b4 Bf8 23. Bxa6 Rxa6 24. b5 Rxa4 25. Bxf8 Nxf8 26. Nh6+
Kh8 27. h4 Rf4 28. Qe3 Kg7 29. h5 Kxh6 30. hxg6 fxg6 31. d4 Kg7 32. dxe5
Rxg4+ 33. Kh2 Rcc4 34. f4 f5 35. Rf3 Rcxf4 36. Rxf4 Qh4+ 37. Qh3 Rxf4 38.
Qxh4 Rxh4+ 39. Kg3 Rg4+ 40. Kh3 Ne6 41. Kh2 Nf4 42. Rg1 Rxg1 43. Kxg1 Kf7
44. Kf2 Ke6 45. Kf3 Kxe5 46. Ke3 h5 47. Kf3 h4 48. Kf2 h3 49. Kg1 g5 50.
Kh1 g4 51. Kh2 Ke4 52. Kg3 Nh5+ 53. Kh2 Kf3 54. Kh1 g3 55. b6 g2+ 56. Kg1
Kg3 57. c4 h2# { White checkmated } 0-1

[Event "ICC tourney 2355 (60 10)"]
[Site "Internet Chess Club"]
[Date "2021.01.31"]
[Round "5"]
[White "ClarkSps77"]
[Black "megaespeon"]
[Result "0-1"]
[ICCResult "White checkmated"]
[WhiteElo "961"]
[BlackElo "563"]
[Opening "Caro-Kann defense"]
[ECO "B11"]
[NIC "CK.01"]
[Time "13:00:32"]
[PlyCount "158"]
[TimeControl "3600+10"]

1. e4 c6 2. Nc3 d5 3. exd5 cxd5 4. Nf3 Bf5 5. Bb5+ Nc6 6. h3 e6 7. O-O Bd6
8. d3 Nf6 9. Re1 O-O 10. Bg5 h6 11. Bxf6 Qxf6 12. Qe2 Nd4 13. Nxd4 Qxd4 14.
Qe3 Qxe3 15. Rxe3 d4 16. Rf3 dxc3 17. bxc3 Rac8 18. c4 Be5 19. Re1 Bc3 20.
Ree3 Bd4 21. Re2 e5 22. Rxf5 Rc5 23. Re4 f6 24. Rxd4 g6 25. Rg4 Kh7 26. Rf3
f5 27. Rgg3 f4 28. Rg4 h5 29. Rh4 Kh6 30. g3 g5 31. Rxh5+ Kxh5 32. gxf4
Rxf4 33. Rxf4 exf4 34. Be8+ Kh4 35. Bd7 Re5 36. Bg4 Re1+ 37. Kg2 Rc1 38.
Bc8 f3+ 39. Kxf3 Rxc2 40. Bxb7 Kxh3 41. Bc8+ Kh4 42. a4 g4+ 43. Bxg4 Rd2
44. Bf5 Kg5 45. Be4 Rc2 46. Ke3 Rb2 47. Bc6 Rb6 48. f4+ Kf5 49. Bd7+ Kf6
50. d4 Rd6 51. Bb5 a6 52. Be8 Re6+ 53. Kd3 Rxe8 54. f5 Kxf5 55. Kc3 Rc8 56.
Kb4 Rb8+ 57. Kc5 Rc8+ 58. Kb4 Rd8 59. d5 Rb8+ 60. Kc5 Rc8+ 61. Kb4 Ke5 62.
a5 Kd4 63. d6 Rd8 64. c5 Kd5 65. Ka4 Kxc5 66. Kb3 Rxd6 67. Ka4 Rd2 68. Kb3
Kb5 69. Kc3 Ra2 70. Kb3 Rxa5 71. Kb2 Ra4 72. Kb3 Rb4+ 73. Ka3 a5 74. Ka2 a4
75. Ka3 Rb3+ 76. Ka2 Kc4 77. Ka1 Kd3 78. Ka2 Kc2 79. Ka1 Ra3# { White
checkmated } 0-1

[Event "ICC tourney 2355 (60 10)"]
[Site "Internet Chess Club"]
[Date "2021.01.31"]
[Round "5"]
[White "Finemerryjuice"]
[Black "arjunbps10"]
[Result "1-0"]
[ICCResult "Black checkmated"]
[WhiteElo "1186"]
[BlackElo "919"]
[Opening "Queen's pawn, Mason variation"]
[ECO "D00"]
[NIC "QP.08"]
[Time "13:00:28"]
[PlyCount "83"]
[TimeControl "3600+10"]

1. d4 d5 2. Bf4 Nf6 3. e3 Nc6 4. Nc3 Bf5 5. Nf3 g6 6. h4 Bg7 7. Bb5 O-O 8.
Ne5 Nxe5 9. dxe5 Nd7 10. Bxd7 Qxd7 11. Qxd5 Qc6 12. O-O-O Qb6 13. Qb5 c6
14. Qxb6 axb6 15. e4 Be6 16. f3 f6 17. exf6 Bxf6 18. e5 Bg7 19. Bg5 Rfe8
20. h5 Bxa2 21. b3 Bxe5 22. Na4 b5 23. Nb2 Bxb2+ 24. Kxb2 Ra6 25. Ra1 Bxb3
26. cxb3 Rxa1 27. Kxa1 Ra8+ 28. Kb2 Rd8 29. hxg6 hxg6 30. Ra1 Rd7 31. Re1
Kf7 32. Kc3 e6 33. Rh1 Rd5 34. Be3 c5 35. Rh7+ Kf6 36. Rxb7 Re5 37. Bh6 b4+
38. Kc4 Re2 39. g4 Rf2 40. f4 Rc2+ 41. Kb5 c4 42. Bg5# { Black checkmated }
1-0

[Event "ICC tourney 2355 (60 10)"]
[Site "Internet Chess Club"]
[Date "2021.01.31"]
[Round "5"]
[White "NYCchesskid"]
[Black "c30mw"]
[Result "1-0"]
[ICCResult "Black checkmated"]
[WhiteElo "591"]
[BlackElo "112"]
[Opening "Three knights game"]
[ECO "C46"]
[NIC "KP.06"]
[Time "13:01:15"]
[PlyCount "51"]
[TimeControl "3600+10"]

1. e4 e5 2. Nf3 Nc6 3. Nc3 Bc5 4. Nxe5 Nxe5 5. d4 Bxd4 6. Qxd4 d6 7. Bd3
Nf6 8. O-O Nxd3 9. cxd3 O-O 10. Bg5 h6 11. Bh4 c5 12. Qc4 Be6 13. Qb5 Qb8
14. Bxf6 a6 15. Qb6 gxf6 16. Rfe1 Rc8 17. Re3 Kf8 18. Nd5 Bxd5 19. exd5 Re8
20. Rae1 Rxe3 21. Rxe3 Qa7 22. Qc7 Qb8 23. Qe7+ Kg7 24. Rg3+ Kh7 25. Qxf7+
Kh8 26. Qg7# { Black checkmated } 1-0

[Event "ICC tourney 2355 (60 10)"]
[Site "Internet Chess Club"]
[Date "2021.01.31"]
[Round "5"]
[White "warrenl"]
[Black "C31chessP"]
[Result "1-0"]
[ICCResult "Black checkmated"]
[WhiteElo "1199"]
[BlackElo "955"]
[Opening "Caro-Kann: advance variation"]
[ECO "B12"]
[NIC "CK.04"]
[Time "13:00:34"]
[PlyCount "93"]
[TimeControl "3600+10"]

1. e4 c6 2. d4 d5 3. e5 Bf5 4. Nf3 e6 5. Nc3 c5 6. Be2 Nc6 7. O-O cxd4 8.
Nxd4 Nxd4 9. Qxd4 Ne7 10. Bg5 h6 11. Bxe7 Bxe7 12. Rad1 Bxc2 13. Rd2 Bf5
14. Bd3 Bxd3 15. Rxd3 O-O 16. Qg4 Rc8 17. Rg3 g6 18. Ne2 Kh7 19. Nf4 Bg5
20. Nh3 Bh4 21. Rf3 Rc4 22. Rf4 f5 23. exf6 Rxf6 24. Rxc4 dxc4 25. Qxh4 g5
26. Nxg5+ Kg7 27. Ne4 Rf8 28. Qxd8 Rxd8 29. Nc5 Kf6 30. Re1 Kf5 31. f3 Rd6
32. g4+ Kf6 33. Ne4+ Ke7 34. Nxd6 Kxd6 35. h4 b5 36. g5 hxg5 37. h5 Ke7 38.
Re5 Kf7 39. Rxg5 a6 40. h6 b4 41. h7 c3 42. h8=Q c2 43. Rc5 c1=Q+ 44. Rxc1
Ke7 45. Qg7+ Kd6 46. f4 Kd5 47. Qe5# { Black checkmated } 1-0

[Event "ICC tourney 2355 (60 10)"]
[Site "Internet Chess Club"]
[Date "2021.01.31"]
[Round "5"]
[White "SKH2011"]
[Black "DVWANG"]
[Result "0-1"]
[ICCResult "White checkmated"]
[WhiteElo "777"]
[BlackElo "1044"]
[Opening "Evans gambit: 5...Be7"]
[ECO "C51"]
[NIC "IG.05"]
[Time "13:00:28"]
[PlyCount "110"]
[TimeControl "3600+10"]

1. e4 e5 2. Nf3 Nc6 3. Bc4 Bc5 4. b4 Bxb4 5. c3 Be7 6. d4 d6 7. d5 Na5 8.
Bd3 b6 9. Bb5+ Bd7 10. Bxd7+ Qxd7 11. Be3 Nf6 12. Nbd2 Qg4 13. O-O Nxe4 14.
Qa4+ Kd8 15. Qxe4 Qxe4 16. Nxe4 Nc4 17. h3 Kd7 18. Ned2 Na3 19. Ng5 Nc2 20.
Nxf7 Rhf8 21. Rac1 Nxe3 22. fxe3 Ke8 23. Nxe5 dxe5 24. Rxf8+ Kxf8 25. Rf1+
Bf6 26. Ne4 Ke7 27. g4 Bh4 28. Kg2 Rd8 29. c4 b5 30. cxb5 Rxd5 31. Nc3 Rd3
32. Nd1 Rd2+ 33. Nf2 Rxa2 34. Kg1 Rb2 35. Nd3 Rxb5 36. Ra1 a5 37. Rc1 Kd6
38. Rd1 Rd5 39. Kg2 e4 40. Nb2 Rxd1 41. Nxd1 Bf6 42. Nf2 Kd5 43. Kg3 c5 44.
Kf4 Be5+ 45. Kf5 g6+ 46. Kg5 a4 47. Kh6 a3 48. Kxh7 a2 49. Kxg6 a1=Q 50. h4
Qa6+ 51. Kg5 Qf6+ 52. Kh5 Qxf2 53. g5 Qxe3 54. Kh6 Qh3 55. g6 Qxh4# { White
checkmated } 0-1

[Event "ICC tourney 2355 (60 10)"]
[Site "Internet Chess Club"]
[Date "2021.01.31"]
[Round "5"]
[White "zgregor"]
[Black "ArtMan2030"]
[Result "0-1"]
[ICCResult "White checkmated"]
[WhiteElo "910"]
[BlackElo "1168"]
[Opening "Queen's pawn game"]
[ECO "D04"]
[NIC "QP.08"]
[Time "13:00:32"]
[PlyCount "86"]
[TimeControl "3600+10"]

1. d4 d5 2. Nf3 Nf6 3. e3 Nc6 4. Bd3 Bg4 5. h3 Bxf3 6. Qxf3 e6 7. a3 Bd6 8.
Nd2 e5 9. dxe5 Nxe5 10. Qe2 Nxd3+ 11. cxd3 O-O 12. b3 c5 13. O-O Be5 14.
Ra2 Re8 15. Qd1 d4 16. exd4 Bxd4 17. Nf3 Re6 18. Ng5 Re7 19. Re2 h6 20. Nf3
Rxe2 21. Qxe2 Qe8 22. Re1 Bc3 23. Bd2 Bxd2 24. Qxd2 Qd7 25. Ne5 Qd5 26. b4
cxb4 27. axb4 a5 28. bxa5 Qxa5 29. Nf3 Qxd2 30. Nxd2 Ra3 31. d4 Rd3 32. Nf3
Nd5 33. Re8+ Kh7 34. Rd8 Rd1+ 35. Kh2 Nc3 36. Rb8 b5 37. Kg3 g5 38. Rb7 Kg6
39. Rb6+ f6 40. h4 Ne4+ 41. Kg4 h5+ 42. Kh3 Rh1+ 43. Nh2 g4# { White
checkmated } 0-1

[Event "ICC tourney 2355 (60 10)"]
[Site "Internet Chess Club"]
[Date "2021.01.31"]
[Round "5"]
[White "mimiant"]
[Black "ironman31"]
[Result "1-0"]
[ICCResult "Black checkmated"]
[WhiteElo "1217"]
[BlackElo "1142"]
[Opening "Scandinavian defense"]
[ECO "B01"]
[NIC "SD.03"]
[Time "13:00:33"]
[PlyCount "71"]
[TimeControl "3600+10"]

1. e4 d5 2. exd5 Nf6 3. Bb5+ c6 4. dxc6 Nxc6 5. Nf3 Qb6 6. Nc3 e6 7. O-O
Bb4 8. Bxc6+ Qxc6 9. d4 Bxc3 10. bxc3 Qxc3 11. Bg5 Nd5 12. Re1 O-O 13. Re4
h6 14. Bd2 Qc7 15. Bxh6 gxh6 16. Qd2 Kg7 17. Rg4+ Kf6 18. Qxh6+ Ke7 19. Ne5
Qc3 20. Rc1 Qc7 21. Rg7 Ke8 22. Ng6 Qb6 23. Nxf8 Kxf8 24. Rh7+ Ke7 25. Qg6
Qxd4 26. Qxf7+ Kd6 27. Qf8+ Kc6 28. Qe8+ Kd6 29. Qd8+ Kc6 30. c4 Qb2 31.
cxd5+ Kb5 32. Qe8+ Kb6 33. Rhc7 Bd7 34. Qxa8 exd5 35. Rxb7+ Ka5 36. Qxa7# {
Black checkmated } 1-0

[Event "ICC tourney 2355 (60 10)"]
[Site "Internet Chess Club"]
[Date "2021.01.31"]
[Round "5"]
[White "cautiouscottage"]
[Black "littleknightie"]
[Result "1-0"]
[ICCResult "Black checkmated"]
[WhiteElo "1053"]
[BlackElo "753"]
[Opening "QGD: exchange, positional line"]
[ECO "D35"]
[NIC "QO.16"]
[Time "13:00:28"]
[PlyCount "147"]
[TimeControl "3600+10"]

1. d4 d5 2. c4 e6 3. Nc3 Nf6 4. cxd5 exd5 5. Bg5 Be7 6. e3 Bf5 7. Qb3 b6 8.
Bxf6 Bxf6 9. Nxd5 Be6 10. Nxf6+ Qxf6 11. Qc2 O-O 12. Bd3 h6 13. Ne2 Nd7 14.
O-O c5 15. f3 Rac8 16. Qd2 cxd4 17. Nxd4 Bc4 18. Bxc4 Rxc4 19. Rac1 Rfc8
20. Rxc4 Rxc4 21. Nb5 Ne5 22. Nxa7 Rc5 23. Rc1 Rxc1+ 24. Qxc1 Nd3 25. Qc3
Qg6 26. e4 Nf4 27. Qd2 Qg5 28. Kf1 f5 29. g3 Nh3 30. Qxg5 Nxg5 31. exf5
Nxf3 32. Kg2 Nd4 33. Nc8 b5 34. Na7 b4 35. Nc8 Nxf5 36. Nb6 Ne7 37. Nc4 Kf7
38. Kf3 Ke6 39. Ke4 Nd5 40. Ne3 Nxe3 41. Kxe3 Ke5 42. a3 bxa3 43. bxa3 g5
44. a4 Kd5 45. a5 Kc5 46. Ke4 Kb5 47. Kf5 Kxa5 48. Kg6 Kb4 49. Kxh6 g4 50.
Kg5 Kc4 51. Kxg4 Kd4 52. h4 Ke5 53. Kg5 Ke6 54. Kg6 Ke7 55. Kg7 Ke6 56. h5
Kf5 57. h6 Kg5 58. h7 Kg4 59. h8=Q Kxg3 60. Qh5 Kg2 61. Qh4 Kg1 62. Qh3 Kf2
63. Qg4 Ke1 64. Qf3 Kd2 65. Qe4 Kc3 66. Qd5 Kb4 67. Qc6 Kb3 68. Qc5 Ka4 69.
Qb6 Ka3 70. Kf6 Ka2 71. Ke5 Ka1 72. Kd4 Ka2 73. Kc3 Ka3 74. Qa6# { Black
checkmated } 1-0

[Event "ICC tourney 2355 (60 10)"]
[Site "Internet Chess Club"]
[Date "2021.01.31"]
[Round "5"]
[White "CaptainAL13"]
[Black "Ninjastar16"]
[Result "1-0"]
[ICCResult "Black resigns"]
[WhiteElo "834"]
[BlackElo "1308"]
[Opening "Giuoco Pianissimo: Italian four knights variation"]
[ECO "C50"]
[NIC "IG.02"]
[Time "13:00:23"]
[PlyCount "137"]
[TimeControl "3600+10"]

1. e4 e5 2. Nf3 Nc6 3. Bc4 Bc5 4. Nc3 Nf6 5. d3 d6 6. h3 Be6 7. Bb3 Qd7 8.
Bd2 O-O-O 9. Bxe6 fxe6 10. a3 Rhf8 11. b4 Bb6 12. Na4 Ne7 13. Nxb6+ axb6
14. a4 Ng6 15. c4 Nh5 16. b5 Ngf4 17. Bxf4 Nxf4 18. O-O Qf7 19. Ne1 Qg6 20.
Qg4 Qxg4 21. hxg4 Ne2+ 22. Kh2 Rf6 23. g3 Rdf8 24. Kg2 Nd4 25. Ra3 Nf3 26.
Nxf3 Rxf3 27. a5 bxa5 28. Rxa5 Kd7 29. Ra3 R3f6 30. f3 g5 31. Rb3 Rh8 32.
b6 c5 33. Ra3 h5 34. gxh5 Rxh5 35. Ra7 Kc6 36. Ra8 Rfh6 37. Rc8+ Kd7 38.
Rc7+ Kd8 39. Rxb7 Rh2+ 40. Kg1 Rh1+ 41. Kf2 R6h2+ 42. Ke1 Rxf1+ 43. Kxf1
Rd2 44. Rh7 Kc8 45. Rg7 Rxd3 46. Rxg5 Rxf3+ 47. Ke2 Rc3 48. Rg8+ Kb7 49. g4
Rxc4 50. g5 Rxe4+ 51. Kf3 Ra4 52. g6 Ra8 53. Rxa8 Kxa8 54. g7 Kb7 55. g8=Q
Kxb6 56. Qxe6 Kc6 57. Ke3 Kb5 58. Qxd6 c4 59. Qxe5+ Kb4 60. Qa1 Kb3 61. Kd4
Kc2 62. Kxc4 Kd2 63. Qc3+ Ke2 64. Qd3+ Kf2 65. Kd4 Kg2 66. Qe3 Kh1 67. Qe2
Kg1 68. Ke3 Kh1 69. Kf3 { Black resigns } 1-0

[Event "ICC tourney 2355 (60 10)"]
[Site "Internet Chess Club"]
[Date "2021.01.31"]
[Round "5"]
[White "AarushB"]
[Black "Gabriel-PS165"]
[Result "0-1"]
[ICCResult "White checkmated"]
[WhiteElo "932"]
[BlackElo "561"]
[Opening "Sicilian: closed"]
[ECO "B23"]
[NIC "SI.44"]
[Time "13:00:38"]
[PlyCount "122"]
[TimeControl "3600+10"]

1. e4 c5 2. Nc3 a6 3. f4 b5 4. a3 Bb7 5. b4 e6 6. Nf3 cxb4 7. axb4 Bxb4 8.
Rb1 Bxc3 9. dxc3 Bxe4 10. g3 Qc7 11. Bd2 Nc6 12. Be2 Rc8 13. O-O a5 14.
Rxb5 a4 15. Bd3 Bxd3 16. cxd3 a3 17. Qe2 Nge7 18. Ng5 O-O 19. Qh5 h6 20. c4
Nd4 21. Re5 Ra8 22. Bc3 Nb3 23. Ree1 a2 24. Ne4 f5 25. Nf2 d5 26. Qe2 Ra6
27. Ba1 Nxa1 28. Rxa1 Rfa8 29. Rfc1 Qd6 30. Rc2 dxc4 31. Rcxa2 cxd3 32.
Qxd3 Qxd3 33. Nxd3 Rxa2 34. Rxa2 Rxa2 35. Nc1 Ra1 36. Kf2 Rxc1 37. Ke2 Rh1
38. Kf2 h5 39. Kg2 Ra1 40. Kf2 Kh7 41. Kf3 Kh6 42. h3 g5 43. fxg5+ Kxg5 44.
h4+ Kh6 45. Kf4 Nd5+ 46. Ke5 Ne3 47. Kxe6 Rg1 48. Ke5 Rxg3 49. Kf4 Rh3 50.
Ke5 Rxh4 51. Ke6 f4 52. Ke5 f3 53. Kf6 Nf5 54. Kf7 Ne7 55. Kf8 f2 56. Kxe7
f1=Q 57. Ke8 Re4+ 58. Kd7 Qd1+ 59. Kc6 Rc4+ 60. Kb5 Qb3+ 61. Ka5 Ra4# {
White checkmated } 0-1

[Event "ICC tourney 2355 (60 10)"]
[Site "Internet Chess Club"]
[Date "2021.01.31"]
[Round "5"]
[White "czw1"]
[Black "santiagorondeau"]
[Result "1-0"]
[ICCResult "Black checkmated"]
[WhiteElo "1360"]
[BlackElo "1069"]
[Opening "Scotch: Potter variation"]
[ECO "C45"]
[NIC "SO.05"]
[Time "13:00:23"]
[PlyCount "131"]
[TimeControl "3600+10"]

1. e4 e5 2. Nf3 Nc6 3. d4 exd4 4. Nxd4 Bc5 5. Nb3 Bb6 6. Nc3 Nf6 7. Bg5 h6
8. Bh4 g5 9. Bg3 d6 10. Qd2 Be6 11. O-O-O Qd7 12. f3 O-O-O 13. Nd5 Bxd5 14.
exd5 Ne7 15. Bc4 Nf5 16. Bf2 Bxf2 17. Qxf2 b6 18. Nd4 Nxd4 19. Qxd4 b5 20.
Qxa7 c6 21. Qxd7+ Nxd7 22. dxc6 bxc4 23. cxd7+ Rxd7 24. Rd4 d5 25. Rhd1
Rhd8 26. c3 Rd6 27. b3 cxb3 28. axb3 R8d7 29. Kb2 Kb7 30. c4 Kc6 31. cxd5+
Rxd5 32. Rxd5 Rxd5 33. Rxd5 Kxd5 34. Kc3 Kc5 35. b4+ Kd5 36. Kd3 f5 37. h3
h5 38. Ke3 Kc4 39. f4 g4 40. hxg4 hxg4 41. g3 Kxb4 42. Kd4 Kb3 43. Ke5 Kc3
44. Kxf5 Kd4 45. Kxg4 Kd5 46. Kg5 Ke6 47. Kg6 Ke7 48. f5 Kf8 49. Kf6 Kg8
50. Ke7 Kh8 51. f6 Kg8 52. f7+ Kh7 53. f8=Q Kg6 54. g4 Kh7 55. g5 Kg6 56.
Qh6+ Kf5 57. g6 Ke5 58. g7 Kd5 59. g8=Q+ Ke5 60. Qf6+ Ke4 61. Qe8 Kd5 62.
Kf7 Kc4 63. Qed8 Kc5 64. Qc3+ Kb5 65. Qb8+ Ka6 66. Qa3# { Black checkmated
} 1-0

[Event "ICC tourney 2355 (60 10)"]
[Site "Internet Chess Club"]
[Date "2021.01.31"]
[Round "5"]
[White "chessburger0220"]
[Black "srsmv"]
[Result "0-1"]
[ICCResult "White resigns"]
[WhiteElo "1096"]
[BlackElo "1230"]
[Opening "Two knights defense (Modern bishop's opening)"]
[ECO "C55"]
[NIC "IG.01"]
[Time "13:00:25"]
[PlyCount "52"]
[TimeControl "3600+10"]

1. e4 e5 2. Nf3 Nc6 3. Bc4 Nf6 4. d3 h6 5. Nc3 Bc5 6. Be3 Bb6 7. Qd2 O-O 8.
h3 Bxe3 9. fxe3 d6 10. g4 Nh7 11. O-O-O Na5 12. Bb3 Nxb3+ 13. axb3 Re8 14.
h4 Bxg4 15. Qg2 h5 16. Rdf1 Re6 17. d4 exd4 18. exd4 Rg6 19. Qf2 Rf6 20.
Nd5 Rxf3 21. Qg2 Rxf1+ 22. Rxf1 Qxh4 23. Nxc7 Rc8 24. Nb5 Qg5+ 25. Kb1 Qxb5
26. Qf2 Nf6 { White resigns } 0-1

[Event "ICC tourney 2355 (60 10)"]
[Site "Internet Chess Club"]
[Date "2021.01.31"]
[Round "5"]
[White "rubblepup"]
[Black "SRA0612"]
[Result "1-0"]
[ICCResult "Black checkmated"]
[WhiteElo "1288"]
[BlackElo "826"]
[Opening "Sicilian: Smith-Morra gambit"]
[ECO "B21"]
[NIC "SI.47"]
[Time "13:00:30"]
[PlyCount "145"]
[TimeControl "3600+10"]

1. e4 c5 2. d4 cxd4 3. c3 Nf6 4. e5 Nd5 5. cxd4 Nc6 6. Nf3 e6 7. Bc4 Qa5+
8. Bd2 Bb4 9. O-O b5 10. Bxd5 exd5 11. a3 Bxd2 12. Qxd2 Qb6 13. Nc3 Ne7 14.
Qd3 b4 15. axb4 Qxb4 16. Qb5 Qxb5 17. Nxb5 O-O 18. Nc3 a5 19. Ra3 Ba6 20.
Rfa1 Bc4 21. Rxa5 Rab8 22. Ra7 Rfd8 23. Na4 Rdc8 24. h3 Rd8 25. Nd2 Nc6 26.
Nxc4 Nxa7 27. Ne3 Rb5 28. Nc3 Rb7 29. Nexd5 Kf8 30. Ne4 Rb5 31. Ndc3 Rb7
32. Nc5 Rc7 33. Nd5 Rcc8 34. Rxa7 d6 35. exd6 Rxd6 36. Nd7+ Ke8 37. N7b6
Rcd8 38. b4 Rc6 39. f3 Rc1+ 40. Kf2 Rd1 41. Ke3 Re1+ 42. Kf4 h6 43. g4 g5+
44. Kg3 Rg1+ 45. Kf2 Rd1 46. Ke3 Re1+ 47. Kd2 Rh1 48. Nf6+ Kf8 49. Nbd7+
Kg7 50. Ke3 Rxh3 51. Ke4 Rh1 52. Nh5+ Kh7 53. Ndf6+ Kg6 54. d5 Re1+ 55. Kd4
Rd1+ 56. Kc5 Rc8+ 57. Kd6 Rb1 58. Rb7 Rc3 59. Rb8 Rc6+ 60. Kxc6 Rc1+ 61.
Kd6 Rc8 62. Nf4+ Kg7 63. Ne8+ Rxe8 64. Rxe8 f5 65. gxf5 gxf4 66. b5 Kf6 67.
b6 Kxf5 68. b7 h5 69. b8=Q h4 70. Qc8+ Kg5 71. Rg8+ Kh6 72. Qe6+ Kh5 73.
Qg6# { Black checkmated } 1-0

[Event "ICC tourney 2355 (60 10)"]
[Site "Internet Chess Club"]
[Date "2021.01.31"]
[Round "5"]
[White "che2468"]
[Black "smashattack"]
[Result "0-1"]
[ICCResult "White checkmated"]
[WhiteElo "1433"]
[BlackElo "1451"]
[Opening "Queen's pawn: Chigorin variation"]
[ECO "D00"]
[NIC "QP.08"]
[Time "13:00:47"]
[PlyCount "78"]
[TimeControl "3600+10"]

1. d4 d5 2. Nc3 Nf6 3. Bf4 a6 4. e3 c5 5. Nf3 Nc6 6. Be2 Bf5 7. O-O e6 8.
Bg3 Bd6 9. Ne5 O-O 10. f4 Rc8 11. Bd3 Bxd3 12. cxd3 cxd4 13. Nxc6 Rxc6 14.
exd4 Qb6 15. Rf3 Qxb2 16. Na4 Qa3 17. Bh4 Rfc8 18. Rf1 Be7 19. Qb3 b5 20.
Bxf6 Qxb3 21. axb3 Bxf6 22. Nc5 Bxd4+ 23. Kh1 Bxa1 24. Rxa1 Rxc5 25. Rg1
Rc1 26. b4 Rxg1+ 27. Kxg1 a5 28. bxa5 b4 29. a6 b3 30. a7 b2 31. Kf2 b1=Q
32. Kg3 Qxd3+ 33. Kh4 Qf5 34. a8=Q Rxa8 35. g4 Qxf4 36. h3 Qf6+ 37. g5 Qf4+
38. Kh5 g6+ 39. Kh6 Qh4# { White checkmated } 0-1

[Event "ICC tourney 2355 (60 10)"]
[Site "Internet Chess Club"]
[Date "2021.01.31"]
[Round "5"]
[White "EricCheng-131"]
[Black "tinyattacker"]
[Result "1-0"]
[ICCResult "Black checkmated"]
[WhiteElo "1373"]
[BlackElo "1216"]
[Opening "Giuoco Piano"]
[ECO "C54"]
[NIC "IG.02"]
[Time "13:00:29"]
[PlyCount "123"]
[TimeControl "3600+10"]

1. e4 e5 2. Nf3 Nc6 3. Bc4 Bc5 4. c3 Nf6 5. d4 exd4 6. cxd4 Bb4+ 7. Bd2
Bxd2+ 8. Nbxd2 d5 9. exd5 Nxd5 10. O-O O-O 11. Re1 Nb6 12. Bb3 Nxd4 13.
Nxd4 Qxd4 14. Qc2 Qf4 15. Re4 Qd6 16. Rh4 h6 17. Rc1 c6 18. Ne4 Qe7 19. Rh5
Re8 20. f3 Nd5 21. Bxd5 cxd5 22. Rxd5 Be6 23. Rc5 Rac8 24. Rxc8 Rxc8 25.
Qd2 Qd7 26. Rxc8+ Qxc8 27. b3 Qd7 28. Qc2 Bf5 29. h3 Qd4+ 30. Kh2 Bxe4 31.
fxe4 Qd6+ 32. Kh1 Qc6 33. Qxc6 bxc6 34. Kh2 Kf8 35. Kg3 Ke7 36. Kf4 Ke6 37.
e5 g5+ 38. Ke4 h5 39. g4 h4 40. b4 a6 41. a4 f6 42. exf6 Kxf6 43. Kd4 Ke6
44. Kc5 Ke5 45. Kxc6 Kf4 46. b5 axb5 47. axb5 Kg3 48. b6 Kxh3 49. b7 Kg2
50. b8=Q h3 51. Qb2+ Kg3 52. Qe2 h2 53. Qf1 Kxg4 54. Qg2+ Kf4 55. Qxh2+ Kg4
56. Qg2+ Kh4 57. Kd5 g4 58. Ke4 Kh5 59. Kf5 Kh6 60. Qxg4 Kh7 61. Kf6 Kh8
62. Qg7# { Black checkmated } 1-0